 Dungeon Crawl Stone Soup version 0.31-a0-1611-g890cdf5628 (webtiles) character file.

Game seed: 14035846478203290217

488 LeprechaunX the Changeling (level 7, -8/46 HPs)
             Began as an Octopode Shapeshifter on Jan 8, 2024.
             Was a Priest of Uskayaw.
             Mangled by Edmund
             ... wielding a +5 dire flail of protection
              (14 damage)
             ... on level 4 of the Dungeon.
             The game lasted 00:05:45 (3721 turns).

LeprechaunX the Changeling (Octopode Shapeshifter)  Turns: 3721, Time: 00:05:46

Health: -8/46      AC:  1    Str: 14    XL:     7   Next: 13%
Magic:  9/9        EV: 12    Int: 18    God:    Uskayaw [***...]
Gold:   164        SH:  4    Dex: 13    Spells: 8/8 levels left

rFire   . .          .
                       - Unarmed
rCold   . . .        l - +0 buckler
rNeg    . . .        (helmet currently unavailable)
rPois   .            (no amulet)
rElec   .            f - +4 ring of slaying
rCorr   .            e - +6 ring of intelligence
SInv    .            (no ring)
Will    .....        (no ring)
Stlth   +            (no ring)
HPRegen 0.27/turn    (no ring)
MPRegen 0.11/turn    (no ring)
                     (no ring)

%: no passive effects
@: on fire, beast-form, glowing
A: beast (slay +2), almost no armour, amphibious, 8 rings, camouflage 1,
gelatinous body 1, (nimble swimmer 1), tentacles
a: Begin Untransformation, Renounce Religion, Stomp, Line Pass


You were on level 4 of the Dungeon.
You worshipped Uskayaw.
Uskayaw was noncommittal.
You were a hulking beast.
You visited 1 branch of the dungeon, and saw 4 of its levels.
You also visited: Sewer.

You collected 164 gold pieces.

Inventory:

Hand Weapons
 a - a +0 sling
 v - a +0 shortbow
Armour
 l - a +0 buckler (worn)
Jewellery
 e - a +6 ring of intelligence (right tentacle)
 f - a +4 ring of slaying (left tentacle)
Talismans
 b - a beast talisman
 c - a flux talisman
Scrolls
 g - 2 scrolls of identify {unknown}
 j - 2 scrolls of fear {unknown}
 k - 2 scrolls of poison {unknown}
 m - a scroll of teleportation {unknown}
 o - a scroll of revelation {unknown}
 q - a scroll of brand weapon {unknown}
 r - 2 scrolls of vulnerability {unknown}
Potions
 d - 2 potions of degeneration {unknown}
 h - 2 potions of might {unknown}
 i - 2 potions of magic {unknown}
 n - a potion of lignification
 p - 2 potions of curing {unknown}
 s - 5 potions of mutation {unknown}
 t - 3 potions of enlightenment {unknown}
 u - a potion of ambrosia {unknown}
 w - 2 potions of haste {unknown}
 x - 2 potions of heal wounds {unknown}
 z - a potion of cancellation {unknown}
 A - a potion of invisibility {unknown}


   Skills:
 + Level 3.0 Fighting
 - Level 2.0 Dodging
 + Level 2.4 Shields
 + Level 4.2 Unarmed Combat
 + Level 1.4 Spellcasting
 + Level 1.8 Invocations
 * Level 4.9 Shapeshifting


You had 8 spell levels left.
You didn't know any spells.
Your spell library contained the following spells:

 Spells                   Type           Power      Damage    Failure   Level
 Tukima's Dance           Hex            1%         N/A       58%         3
 Dimensional Bullseye     Hex/Tloc       0%         N/A       94%         4
 Iskenderun's Mystic Bla  Conj/Tloc      1%         2d3       94%         4


Dungeon Overview and Level Annotations

Branches:
Dungeon (4/15)              Sewer (visited)
 Temple: D:4-7

Altars:
Ru
Uskayaw
Xom

Annotations:
D:4 Edmund


Innate Abilities, Weirdness & Mutations

You are a hulking beast.
Your limbs bulge with bestial killing power. (Slay +2)
You cannot wear most types of armour.
You are amphibious.
You can wear up to eight rings at the same time.
Your skin changes colour to match your surroundings (Stealth+).
Your rubbery body absorbs attacks. (AC +1, EV +1)
((You are camouflaged when in or above water. (Stealth+)))
You have tentacles for arms and can constrict up to eight enemies at once.


Message History

The bombardier beetle bites you.
You can now pass through a line of other dancers.
You are too injured to fight recklessly!
You are too injured to fight recklessly!
Unknown command.
You bludgeon Edmund!
Edmund is heavily wounded.
You constrict Edmund, but do no damage. Edmund barely misses you.
Unknown command.
You tentacle-slap Edmund. You squeeze Edmund!
Edmund is almost dead.
You constrict Edmund.
The bombardier beetle sprays incendiary fluid at you.
The burning spray hits you.
You are covered in liquid fire!
Uskayaw will force your foes to helplessly watch your dance.
Uskayaw prepares the audience for your solo!
Unknown command.
The helpless Edmund fails to defend himself.
You tentacle-slap Edmund but do no damage.
Edmund is almost dead.
The liquid fire burns you!
* * * LOW HITPOINT WARNING * * *
You constrict Edmund, but do no damage.
Unknown command.
The helpless Edmund fails to defend himself.
You tentacle-slap Edmund but do no damage.
Edmund is almost dead.
The liquid fire burns you!
* * * LOW HITPOINT WARNING * * *
You constrict Edmund, but do no damage.
Edmund is no longer paralysed.
The bombardier beetle is no longer paralysed.
Edmund hits you with a +5 dire flail of protection.
* * * LOW HITPOINT WARNING * * *
The bombardier beetle sprays incendiary fluid at you.
The burning spray hits you.
You are even more covered in liquid fire!
Edmund hits you with a +5 dire flail of protection!
You die...
Edmund whines, "They better pay attention to me now!"

#.
#.#############
#..............
#..............
#....B@........
#....h........
#.............
##......$......
.........#'#####
#
########.#.#####
.
...............+
###
########.#.#####
#.. ........^.#
#.# #######.<.#


You could see Edmund and a bombardier beetle.

Vanquished Creatures
  A centaur (D:4)
  A scorpion (D:4)
  2 bombardier beetles (D:4)
  A jelly (D:4)
  An iguana (D:4)
  4 gnolls (D:2)
  5 adders (D:2)
  A river rat (D:4)
  3 dart slugs
  3 ribbon worms
  6 orcs
  6 bats
  2 endoplasms
  7 giant cockroaches
  7 goblins
  6 hobgoblins
  2 jackals (D:1)
  16 kobolds
  3 quokkas
  17 ball pythons
  3 frilled lizards
  28 rats
125 creatures vanquished.

Notes
Turn   | Place    | Note
-------+----------+-------------------------------------------
     0 | D:1      | LeprechaunX the Octopode Shapeshifter began the quest for
                  | the Orb.
     0 | D:1      | Reached XP level 1. HP: 13/13 MP: 1/1
   176 | D:1      | Reached XP level 2. HP: 17/18 MP: 2/2
   587 | D:1      | Reached XP level 3. HP: 19/23 MP: 3/3
  1072 | D:2      | Found a shimmering altar of Xom.
  1121 | D:2      | Reached XP level 4. HP: 13/29 MP: 4/4
  1274 | D:2      | Reached skill level 1 in Shields
  1327 | D:2      | Found a faded altar of an unknown god.
  1413 | D:2      | Reached XP level 5. HP: 31/34 MP: 5/5
  2044 | D:3      | Found a hide-covered altar of Uskayaw.
  2061 | D:3      | Became a worshipper of Uskayaw the Reveller
  2146 | D:3      | Found a shimmering altar of Xom.
  2217 | D:3      | Reached * piety under Uskayaw
  2663 | D:4      | Found a sacrificial altar of Ru.
  2781 | D:4      | Reached ** piety under Uskayaw
  2784 | D:4      | Reached XP level 6. HP: 41/41 MP: 6/6
  2810 | D:4      | Reached skill level 1 in Spellcasting
  2810 | D:4      | Reached skill level 1 in Invocations
  2854 | D:4      | Reached *** piety under Uskayaw
  2926 | D:4      | Found a glowing drain.
  2932 | Sewer    | Entered a sewer
  3544 | D:4      | Reached XP level 7. HP: 32/46 MP: 7/9
  3708 | D:4      | Noticed Edmund
  3721 | D:4      | Mangled by Edmund

Illustrated notes

Levels and vault maps discovered:
D:1:      ebering_trefoil_3fold, layout_loops_corners
D:2:      layout_basic, hellmonk_ecumenical_altar_crossroads, basic_altar,
          mrwooster_statue_mirror, minmay_ruptured
D:3:      layout_rooms, lemuel_coloured_pillars_altar,
          eat_drink_and_be_merry_uskayaw, serial_forest,
          infiniplex_forest_zigzag_2, infiniplex_forest_corner_2,
          infiniplex_forest_clump_double, infiniplex_forest_zigzag_2,
          infiniplex_forest_end_double, infiniplex_forest_lined_2,
          infiniplex_forest_lined_ring
D:4:      layout_basic, nicolae_ru_the_path_less_chosen, portal_sewer_entry_e,
          uniq_edmund

Skill      XL: |  1  2  3  4  5  6 |
---------------+-------------------+-----
Fighting       | 2 3 |  3.0
Shields        | 1 2 |  2.4
Shapeshifting  | 4 |  4.9
Unarmed Combat | 4 |  4.2
Spellcasting   | 1 |  1.4
Invocations    | 1 |  1.8
Dodging        | |  2.0

Action                     |  1- 3 |  4- 6 |  7- 9 || total
---------------------------+-------+-------+-------++-------
  Melee: Unarmed           |    54 |   138 |    10 ||   202
         Constrict         |    19 |    34 |     3 ||    56
         Tentacles         |     9 |    17 |     5 ||    31
         Punch             |     2 |     4 |       ||     6
   Stab: Sleeping          |     6 |     8 |       ||    14
         Distracted        |       |     1 |       ||     1
         Paralysed         |       |     1 |     2 ||     3
 Armour: Skin              |    23 |    49 |     7 ||    79
  Dodge: Dodged            |    38 |    61 |     3 ||   102
  Block: Buckler           |     1 |    18 |     1 ||    20

Table legend: (Time is in decaauts)
 A = Elapsed time spent in this place.
 B = Non-inter-level travel time spent in this place.
 C = Inter-level travel time spent in this place.
 D = Time resting spent in this place.
 E = Time spent auto-exploring this place.
 F = Levels seen in this place.
 G = Mean time per level.
                   A        B        C        D        E       F      G
               +--------+--------+--------+--------+--------+-----+--------+
         Total |   3712 |   3542 |    170 |    165 |   2516 |   5 |  742.4 |
       Dungeon |   3159 |   2989 |    170 |     87 |   2212 |   4 |  789.8 |
         Sewer |    553 |    553 |      0 |     78 |    304 |   1 |  553.0 |
               +--------+--------+--------+--------+--------+-----+--------+

Top non-repeatable levels by time:
     D:2: 1003 daAuts
     D:1: 980 daAuts
     D:4: 632 daAuts
   Sewer: 553 daAuts
     D:3: 542 daAuts
